← All builds
Suicide front / Armada / Factory first / OBSERVED BUILD

Standard suicide front

Armada Suicide front build order · Supreme Isthmus

The role's baseline: Bot Lab at 0:21 then straight into reclaim-fed T1 bot production to contest the middle and hold until T2 arrives, with an Advanced Metal Extractor around 9:45.

#rush · 2007 distinct matches · 229 players · 72% of Armada Suicide front games · team won 59% of 2381 · Recently observed

HOW TO PLAY IT

Key timing: Bot Lab by 0:20

  1. Open with mex and lab-first to get Bot Lab up by 0:20.
  2. Expand mex and wind while lab pumps units toward middle.
  3. Push Sentry and early Rocketeer, Centurion to contest middle.
  4. Get T2 constructor out once Pond's boost lets you spare metal.
  5. Upgrade mex to Advanced Metal Extractor as you transition off T1 spam.

Phase by phase

TYPICAL OF ITS 2007 GAMES
  1. 1
  2. 2
  3. 3
PLAY THE OPENING

Follow the example game's first 6:00 step by step: what to build now, what comes next, and where it goes. At 1× it keeps pace with your own game.

  1. 1

    Bot Lab first

    Order
    1. Bot LabBot Lab done ~0:21, middle half 0:20–0:33

    Some games also: mex (44%)

  2. 2

    Bot Lab to 5:00

    Economy
    • Metal Extractor5Mex
    • Wind Turbine4Wind
    Builders
    • Construction Bot3 Con bot
    • Lazarus2 Lazarus
    Army
    • Sentry4 Sentry
    • Rocketeer16 Rocketeer
    • Tick2 Tick
    • Centurion1 Centurion
    Other
    • Radar Tower1 Radar Tower

    Some games also: pawn (38%) · con turret (34%)

    By 5:00 in all: 5 mex · 4 wind

    The example game in this phase · 25 steps
    1. TickTick
    2. Wind
    3. TickTick
    4. Construction BotCon bot
    5. Mex
    6. Construction BotCon bot
    7. CenturionCenturion
    8. Mex ×3
    9. RocketeerRocketeer ×2
    10. Wind
    11. RocketeerRocketeer
    12. SentrySentry
    13. RocketeerRocketeer ×3
    14. SentrySentry
    15. RocketeerRocketeer
    16. Mex
    17. RocketeerRocketeer
    18. TickTick ×2
    19. RocketeerRocketeer ×7
    20. TickTick ×2
    21. RocketeerRocketeer
    22. CenturionCenturion
    23. RocketeerRocketeer
    24. LazarusLazarus ×2
    25. RocketeerRocketeer ×2
  3. 3

    5:00 to 10:00

    Economy
    • Metal Extractor1Mex
    • Wind Turbine15Wind
    Builders
    • Construction Turret2 Con turret
    • Lazarus2 Lazarus
    • Construction Bot1 Con bot
    Army
    • Sentry1 Sentry
    • Rocketeer8 Rocketeer

    Some games also: pawn (49%) · Radar Tower (46%) · tick (45%) · centurion (44%) · energy storage (43%) · eat Bot Lab (31%)

    By 10:00 in all: 6 mex · 21 wind · 1 energy storage · 2 con turret

    The example game in this phase · 168 steps
    1. RocketeerRocketeer
    2. Dragon's TeethDragon's Teeth ×2
    3. TickTick
    4. Dragon's TeethDragon's Teeth ×2
    5. RocketeerRocketeer ×3
    6. Construction BotCon bot ×2
    7. Wind
    8. TickTick
    9. Energy storage
    10. Wind ×3
    11. Con turret
    12. Wind ×5
    13. Con turret
    14. Wind
    15. TickTick
    16. Wind ×2
    17. Construction BotCon bot
    18. Wind ×2
    19. Construction BotCon bot
    20. Wind ×4
    21. Advanced Metal ExtractorT2 mexdone 8:29 · typical 9:46
    22. Wind
    23. Converter
    24. Wind
    25. TickTick
    26. Wind ×4
    27. Converter
    28. Wind
    29. Advanced Metal ExtractorT2 mex
    30. Wind ×3
    31. Converter
    32. Wind ×2
    33. Converter
    34. Wind
    35. RocketeerRocketeer
    36. Advanced Metal ExtractorT2 mex
    37. Wind
    38. Converter
    39. Construction BotCon bot
    40. Wind
    41. Construction BotCon bot
    42. Converter
    43. Wind ×2
    44. Converter
    45. Wind ×2
    46. Converter
    47. Energy storage
    48. Advanced Metal ExtractorT2 mex
    49. TickTick
    50. Wind
    51. Con turret
    52. RocketeerRocketeer
    53. TickTick
    54. Converter
    55. TickTick
    56. Wind
    57. TickTick ×6
    58. Wind
    59. TickTick ×2
    60. Converter
    61. TickTick ×4
    62. Wind
    63. TickTick ×4
    64. Converter
    65. TickTick
    66. Wind
    67. TickTick ×2
    68. Con turret
    69. Advanced Metal ExtractorT2 mex
    70. TickTick ×3
    71. Wind
    72. TickTick ×3
    73. Converter
    74. TickTick ×2
    75. Con turret
    76. Wind
    77. TickTick ×6
    78. Wind
    79. Converter
    80. Con turret
    81. TickTick ×5
    82. Wind
    83. TickTick
    84. Con turret
    85. TickTick ×3
    86. Wind
    87. Converter
    88. Con turret
    89. TickTick ×4
    90. Wind
    91. TickTick ×3
    92. Wind
    93. TickTick
    94. ShipyardShipyarddone 12:34
    95. Wind ×2
    96. CenturionCenturion
    97. Wind
    98. TickTick
    99. Wind
    100. TickTick
    101. Wind
    102. TickTick
    103. Wind ×2
    104. TickTick
    105. EelSubmarinenot finished by 15:00
    106. DolphinDolphin
    107. Wind
    108. TickTick
    109. DolphinDolphin
    110. Wind ×2
    111. TickTick
    112. DolphinDolphin
    113. Wind
    114. DolphinDolphin
    115. TickTick
    116. DolphinDolphin
    117. Wind
    118. Con turret
    119. TickTick
    120. DolphinDolphin
    121. Wind ×2
    122. TickTick
    123. EelSubmarine
    124. TickTick
    125. Wind
    126. EelSubmarine
    127. TickTick
    128. Wind ×2
    129. TickTick
    130. EelSubmarine
    131. TickTick
    132. Wind
    133. EelSubmarine
    134. TickTick ×3
    135. EelSubmarine
    136. TickTick
    137. Cloakable Fusion ReactorCloakable Fusion Reactordone 14:26
    138. TickTick ×2
    139. CenturionCenturion
    140. EelSubmarine
    141. BeamerBeamer
    142. TickTick
    143. Wind
    144. TickTick ×6
    145. Wind
    146. TickTick ×3
    147. BeamerBeamer
    148. TickTick ×2
    149. Wind
    150. TickTick ×4
    151. EelSubmarine
    152. TickTick
    153. Wind
    154. TickTick ×2
    155. EelSubmarine
    156. Converter
    157. TickTick ×3
    158. Wind
    159. EelSubmarine
    160. TickTick ×3
    161. EelSubmarine
    162. TickTick ×2
    163. Wind
    164. Converter
    165. EelSubmarine
    166. TickTick ×3
    167. EelSubmarine
    168. TickTick

Counts are medians over the build's games: half of them build more, half fewer. The example game is q[o_o]p's (33 OS, 12/09/2026); pick another.

Team trades

IN AT LEAST 30% OF ITS GAMES

You hand over

Nothing regular.

You get

  • Tidal Generator4 Tidal from Pondfirst at 0:10 · in 68% of games
  • Advanced Construction Bot1 T2 con bot from Geo or Techfirst at 7:41 · in 57% of games

How it plays out

Typical game of this build, running totals by minute

Metal produced

010k20k
0:005:0010:0015:00

metal

Enemy metal destroyed

05k10k
0:005:0010:0015:00

metal

Own metal lost

05k10k
0:005:0010:0015:00

metal

2381 games.

Show as table
ByMetal produced: This buildEnemy metal destroyed: This buildOwn metal lost: This build
1:0023000
2:0088700
3:002009184130
4:003110645502
5:00418513571001
6:00534921831713
7:00653930512597
8:00776039383502
9:00904546934382
10:001041853145176
11:001189258555965
12:001360364066686
13:001541268767439
14:001729875038212
15:001926981098997
WHAT THE NUMBERS SAY

Standard Suicide front play wins a bit over half its games while taking the heaviest own losses of any role by 15:00.

  • + Produces 20142 metal by 15:00, highest of the front roles.
  • + First kill by 2:01 in all games, fastest contest of middle.
  • − Own metal lost hits 9178 by 15:00, more than enemy metal destroyed.
  • − Only 34% Rocketeer share shows army spread thin across many bot types.
THE EXAMPLE YOU ARE READING

q[o_o]p

33.3 OS · 12/09/2026

Open source match ↗

5 received units · includes a constructor
406 metal received · 37716 energy received

Allied construction assistance is unknown. Timings are observations, not a promise of solo reproducibility.

Typical milestones

Bot Lab0:21Middle 50%: 0:20–0:33 · n=2373
Advanced Metal Extractor9:46Middle 50%: 8:50–10:58 · n=1721

Played most by

_X_262games of this buildPlatinumBlonde188games of this buildXad166games of this buildTrapCaT107games of this buildImmort80games of this build